 Dungeon Crawl Stone Soup version 0.22-a0-247-gbddf880 (webtiles) character file.

67 varam the Fighter (level 4, -4/48 HPs)
             Began as a Gnoll Wanderer on Feb 24, 2018.
             Slain by an adder (5 damage)
             ... on level 2 of the Dungeon.
             The game lasted 00:02:17 (1361 turns).

varam the Fighter (Gnoll Wanderer)                  Turns: 1361, Time: 00:02:18

Health: -4/48      AC:  2    Str: 14    XL:     4   Next: 16%
Magic:  6/6        EV: 12    Int: 16    God:
Gold:   10         SH:  0    Dex: 14    Spells: 5/5 levels left

rFire    . . .     SeeInvis .   a - +2 mace
rCold    . . .     Gourm    .   (no shield)
rNeg     . . .     Faith    .   h - +0 robe (curse)
rPois    .         Spirit   .   (no helmet)
rElec    .         Reflect  .   (no cloak)
rCorr    .         Harm     .   (no gloves)
MR       .....                  (no boots)
Stlth    ++........             (no amulet)
HPRegen  0.16/turn              (no ring)
MPRegen  0.10/turn              (no ring)

@: no status effects
A: distributed training, fangs 1, strong nose
a: no special abilities


You were on level 2 of the Dungeon.
You were not hungry.

You visited 1 branch of the dungeon, and saw 2 of its levels.

You collected 10 gold pieces.

Inventory:

Hand Weapons
 a - a +2 mace (weapon)
 b - a +0 hand crossbow
 q - a +0 flail
Missiles
 c - 20 bolts
Armour
 e - a +0 leather armour of positive energy
 h - a cursed +0 robe (worn)
Jewellery
 i - an uncursed ring of resist corrosion {unknown}
Scrolls
 d - a scroll of teleportation
 g - a scroll of random uselessness {unknown}
 m - 2 scrolls of immolation {unknown}
 n - a scroll of identify {unknown}
 o - 4 scrolls of enchant weapon {unknown}
 p - a scroll of magic mapping {unknown}
Potions
 j - a potion of flight {unknown}
 k - a potion of curing {unknown}
 l - a potion of resistance {unknown}
 s - a potion of invisibility {unknown}
Comestibles
 f - a ration
 r - 3 chunks of flesh


   Skills:
 + Level 10.4 Fighting
 + Level 1.0 Short Blades
 + Level 2.7 Long Blades
 + Level 1.0 Axes
 + Level 4.6 Maces & Flails
 + Level 1.0 Polearms
 + Level 1.0 Staves
 + Level 1.0 Slings
 + Level 1.0 Bows
 + Level 1.0 Crossbows
 + Level 1.0 Throwing
 + Level 1.0 Armour
 + Level 1.0 Dodging
 + Level 2.5 Stealth
 + Level 1.0 Shields
 + Level 1.0 Unarmed Combat
 + Level 1.0 Spellcasting
 + Level 0.8 Conjurations
 + Level 0.8 Hexes
 + Level 0.8 Charms
 + Level 0.8 Summonings
 + Level 0.8 Necromancy
 + Level 0.8 Translocations
 + Level 0.8 Transmutations
 + Level 0.8 Fire Magic
 + Level 0.8 Ice Magic
 + Level 0.8 Air Magic
 + Level 0.8 Earth Magic
 + Level 0.8 Poison Magic
 + Level 1.1 Invocations
 + Level 2.7 Evocations


You had 5 spell levels left.
You didn't know any spells.

Dungeon Overview and Level Annotations

Branches:
Dungeon (2/15)

Altars:


Innate Abilities, Weirdness & Mutations

Your experience applies equally to all skills.
You have very sharp teeth.
Your uncanny sense of smell can sniff out nearby items.


Message History

You butcher the gnoll corpse.
r - 4 chunks of flesh You see here a gnoll skeleton. x2
Eating one of 4 chunks of flesh.
You eat one of the 4 chunks of flesh.
This raw flesh tastes terrible.
You see here a spear.
Magic restored.
s - a purple potion A centaur comes into view.
The centaur shouts!
You hear an angry hiss.
The centaur wields a shortbow.
The centaur shoots an arrow.
The arrow hits you!
The centaur shoots an arrow.
The arrow hits you!
* * * LOW HITPOINT WARNING * * *
An adder comes into view.
You see here 2 arrows.
The centaur shoots an arrow.
The arrow closely misses you.
The centaur shoots an arrow.
The arrow hits you!
* * * LOW HITPOINT WARNING * * *
The adder bites you.
You die...

.... .# #### ...#
..>####.. ##...#
........####.... .
................ .
#######))###.###
.## #..###..# .c #
###.S.c...#####.#S#
#..@#.###....#...
#####.#...#
####.#.#
#.......### #.(.#
####.###..## ###.#
#...รท)...## ##
#........#
#........#
#........#
#........#


You could see a centaur and an adder.

Vanquished Creatures
  3 gnolls (D:2)
  An adder (D:2)
  An ooze (D:1)
  A ball python (D:1)
  3 giant cockroaches (D:1)
  3 bats (D:1)
  2 frilled lizards (D:1)
  6 goblins
  6 kobolds
  2 rats (D:1)
28 creatures vanquished.

Notes
Turn   | Place    | Note
-------+----------+-------------------------------------------
     0 | D:1      | Reached skill level 10 in Fighting
     0 | D:1      | varam the Gnoll Wanderer began the quest for the Orb.
     0 | D:1      | varam set off with: a +2 mace, a +0 hand crossbow, 20 bolts, a scroll of teleportation, a +0 robe, a ration
     0 | D:1      | Reached XP level 1. HP: 28/28 MP: 2/2
     3 | D:1      | Noticed an electric eel
     3 | D:1      | Noticed an electric eel
   175 | D:1      | Reached XP level 2. HP: 33/36 MP: 3/3
   632 | D:1      | Reached XP level 3. HP: 41/42 MP: 4/4
  1009 | D:2      | Reached skill level 1 in Invocations
  1325 | D:2      | Reached skill level 1 in Short Blades
  1325 | D:2      | Reached skill level 1 in Axes
  1325 | D:2      | Reached skill level 1 in Polearms
  1325 | D:2      | Reached skill level 1 in Staves
  1325 | D:2      | Reached skill level 1 in Slings
  1325 | D:2      | Reached skill level 1 in Bows
  1325 | D:2      | Reached skill level 1 in Crossbows
  1325 | D:2      | Reached skill level 1 in Throwing
  1325 | D:2      | Reached skill level 1 in Armour
  1325 | D:2      | Reached skill level 1 in Dodging
  1325 | D:2      | Reached skill level 1 in Shields
  1325 | D:2      | Reached skill level 1 in Unarmed Combat
  1325 | D:2      | Reached skill level 1 in Spellcasting
  1330 | D:2      | Reached XP level 4. HP: 25/48 MP: 4/6
  1351 | D:2      | Noticed a centaur
  1358 | D:2      | HP: 1/48 [centaur/arrow (8)]
  1361 | D:2      | Slain by an adder

Vault maps used:
D:1:      arrival_aquarium_b
D:2:      chequers_ecumenical_altar_island

Skill      XL: |  1  2  3 |
---------------+----------+-----
Fighting       | | 10.4
Invocations    | 1 |  1.1
Short Blades   | 1 |  1.0
Axes           | 1 |  1.0
Polearms       | 1 |  1.0
Staves         | 1 |  1.0
Slings         | 1 |  1.0
Bows           | 1 |  1.0
Crossbows      | 1 |  1.0
Throwing       | 1 |  1.0
Armour         | 1 |  1.0
Dodging        | 1 |  1.0
Shields        | 1 |  1.0
Unarmed Combat | 1 |  1.0
Spellcasting   | 1 |  1.0
Long Blades    | |  2.7
Maces & Flails | |  4.6
Stealth        | |  2.5
Conjurations   | |  0.8
Hexes          | |  0.8
Charms         | |  0.8
Summonings     | |  0.8
Necromancy     | |  0.8
Translocations | |  0.8
Transmutations | |  0.8
Fire Magic     | |  0.8
Ice Magic      | |  0.8
Air Magic      | |  0.8
Earth Magic    | |  0.8
Poison Magic   | |  0.8
Evocations     | |  2.7

Action                   |  1- 3 |  4- 6 || total
-------------------------+-------+-------++-------
Melee: Mace              |    71 |       ||    71
       Bite              |     5 |       ||     5
 Stab: Sleeping          |     4 |       ||     4
  Eat: Chunk             |       |     1 ||     1
Armor: Robe              |    13 |       ||    13
Dodge: Dodged            |    41 |     1 ||    42

Table legend:
 A = Spawn XP
 B = Non-spawn XP
 C = Spawn XP percentage of total XP
 D = Spawn monster count
 E = Non-spawn monster count
 F = Spawn count percentage of total count
 G = Total turns spent on level
                    A         B        C        D         E        F      G
               +---------+---------+-------+---------+---------+-------+---------
         Total |       0 |      96 |   0.0 |       0 |      28 |   0.0 |  1361
               +---------+---------+-------+---------+---------+-------+---------
           D:1 |       0 |      35 |   0.0 |       0 |      22 |   0.0 |  1056
           D:2 |       0 |      61 |   0.0 |       0 |       6 |   0.0 |   305
               +---------+---------+-------+---------+---------+-------+---------
